 Dungeon Sprint DCSS version 0.28.0-53-g5a82cb258f (webtiles) character file.

Game seed: 3050312443012750995

82 Zeld the Thaumaturge (level 4, -3/24 HPs)
             Began as a Deep Elf Conjurer on June 9, 2022.
             Was an Elder of Sif Muna.
             Slain by Pikel
             ... wielding a +1 whip of flaming
              (7 damage)
             ... in the Dungeon (Sprint VII: "The Pits").
             The game lasted 00:01:08 (1054 turns).

Zeld the Thaumaturge (Deep Elf Conjurer)            Turns: 1054, Time: 00:01:09

Health: -3/24      AC:  2    Str:  4    XL:     4   Next: 21%
Magic:  7/16       EV: 12    Int: 25    God:    Sif Muna [****..]
Gold:   0          SH:  0    Dex: 13    Spells: 8/19 levels left

rFire   . . .      SeeInvis .   (no weapon)
rCold   . . .      Faith    .   (no shield)
rNeg    . . .      Spirit   .   a - +0 robe
rPois   .          Reflect  .   (no helmet)
rElec   .          Harm     .   (no cloak)
rCorr   .          Rampage  .   (no gloves)
Will    .....      NoTele   +   (no boots)
Stlth   ++........              (no amulet)
HPRegen 0.08/turn               (no ring)
MPRegen 0.15/turn               (no ring)

@: no status effects
A: no striking features
a: Renounce Religion, Channel Magic, Forget Spell, Divine Exegesis


You were in the Dungeon.
You worshipped Sif Muna.
Sif Muna was greatly pleased with you.
You visited 1 branch

Inventory:

Armour
 a - a +0 robe (worn)
Scrolls
 c - 5 scrolls of amnesia
 d - a scroll of summoning
Potions
 b - 2 potions of invisibility
 e - 3 potions of magic
 f - 3 potions of berserk rage
 g - 5 potions of curing
 h - 5 potions of heal wounds


   Skills:
 - Level 2.4 Dodging
 - Level 2.4 Stealth
 * Level 8.1 Spellcasting
 * Level 7.7 Conjurations
 + Level 1.5 Invocations


You had 8 spell levels left.
You knew the following spells:

 Your Spells              Type           Power      Damage    Failure   Level
a - Magic Dart            Conj           100%       1d8       1%          1
b - Searing Ray           Conj           96%        2d7       1%          2
c - Fulminant Prism       Conj/Hex       14%        3d9       12%         4
d - Iskenderun's Mystic   Conj/Tloc      29%        2d7       12%         4

Your spell library contained the following spells:

 Spells                   Type           Power      Damage    Failure   Level
 Dazzling Flash           Conj/Hex       58%        N/A       3%          3


Dungeon Overview and Level Annotations

Branches:
Dungeon (1/1)

Altars:
Ashenzari
Cheibriados
Dithmenos
Elyvilon
Fedhas
Gozag
Hepliaklqana
Kikubaaqudgha
Makhleb
Nemelex Xobeh
Okawaru
Qazlal
Ru
Sif Muna
Trog
Uskayaw
Vehumet
Wu Jian
Xom
Yredelemnul
Zin
The Shining One
Beogh
Jiyva
Lugonu

Annotations:
D Pikel


Message History

The lemure is moderately wounded.
The searing ray misses the lemure.
You finish channelling your searing ray.
Pikel misses you.
Casting: Searing Ray (safe; 1% risk of failure)
Confirm with . or Enter, or press ? or * to list all spells.
Aiming: Searing Ray (safe; 1% risk of failure)
Press: ? - help, Shift-Dir - straight line, f - lemure
Aim: a lemure (79% to hit)
The searing ray hits Pikel.
Pikel is heavily wounded.
The searing ray hits the lemure.
The lemure is heavily wounded.
The searing ray hits the lemure.
The lemure is lightly wounded.
The searing ray hits the lemure!
The lemure is moderately wounded. (Press . to maintain the ray.) Pikel hits you with a +1 whip of flaming.
Pikel burns you.
The searing ray hits Pikel!
Pikel is heavily wounded.
The searing ray hits the lemure.
The lemure is severely wounded.
The searing ray misses the lemure.
The searing ray hits the lemure!
The lemure is severely wounded.
Pikel hits you with a +1 whip of flaming!
* * * LOW HITPOINT WARNING * * *
Pikel burns you.
* * * LOW HITPOINT WARNING * * *
The searing ray hits Pikel.
Pikel is severely wounded.
The searing ray hits the lemure.
The lemure is almost dead.
The searing ray hits the lemure.
The lemure is moderately wounded.
The searing ray hits the lemure!
The lemure is almost dead.
Pikel hits you with a +1 whip of flaming!
You die...

##########.##.....
#...........'.....
#'#####'#####.....
#.#..#..#..##.....
#.#.รทรท..#))#####'#
#.#..####))##.....
#.#..#..#))##.....
#.#..#..#[[##.....
#@##'#..#'###...<.
#K#........##.....
#5#........##.....
#5###########.....
#5...g..# ######
#.###h..# #.# .# #.#
#.5


You could see Pikel and 3 lemures.

Vanquished Creatures
  A scorpion (D)
  A gnoll (D)
  2 endoplasms (D)
  A hobgoblin (D)
  6 jackals (D)
  A quokka (D)
  2 bats (D)
  A quokka zombie (D)
  A rat (D)
16 creatures vanquished.

Notes
Turn   | Place    | Note
-------+----------+-------------------------------------------
     0 | D        | Zeld the Deep Elf Conjurer began the quest for the Orb.
     0 | D        | Reached XP level 1. HP: 10/10 MP: 6/6
    10 | D        | Noticed a scorpion
    26 | D        | Killed a scorpion
    27 | D        | Reached skill level 7 in Spellcasting
    27 | D        | Reached XP level 2. HP: 7/15 MP: 0/12
    27 | D        | Reached XP level 3. HP: 9/19 MP: 0/13
   196 | D        | Learned a level 2 spell: Searing Ray
   203 | D        | Found a bloodstained altar of Trog.
   203 | D        | Found a shimmering blue altar of Sif Muna.
   203 | D        | Found a viscous altar of Jiyva.
   203 | D        | Found a hazy altar of Hepliaklqana.
   203 | D        | Found an opulent altar of Gozag.
   204 | D        | Found a glowing golden altar of the Shining One.
   204 | D        | Found a glowing silver altar of Zin.
   204 | D        | Found a basalt altar of Yredelemnul.
   204 | D        | Found a shimmering altar of Xom.
   204 | D        | Found an ornate altar of the Wu Jian Council.
   204 | D        | Found a sacrificial altar of Ru.
   204 | D        | Found a stormy altar of Qazlal.
   204 | D        | Found an iron altar of Okawaru.
   204 | D        | Found a sparkling altar of Nemelex Xobeh.
   204 | D        | Found a burning altar of Makhleb.
   204 | D        | Found a blossoming altar of Fedhas.
   204 | D        | Found a white marble altar of Elyvilon.
   204 | D        | Found a shadowy altar of Dithmenos.
   204 | D        | Found a snail-covered altar of Cheibriados.
   205 | D        | Found a radiant altar of Vehumet.
   205 | D        | Found a corrupted altar of Lugonu.
   206 | D        | Found an ancient bone altar of Kikubaaqudgha.
   206 | D        | Found a hide-covered altar of Uskayaw.
   206 | D        | Found a broken altar of Ashenzari.
   207 | D        | Became a worshipper of Sif Muna the Loreminder
   525 | D        | Reached * piety under Sif Muna
   527 | D        | Reached ** piety under Sif Muna
   691 | D        | Reached *** piety under Sif Muna
   692 | D        | Reached skill level 1 in Invocations
   692 | D        | Reached XP level 4. HP: 24/24 MP: 12/15
   699 | D        | Learned a level 4 spell: Fulminant Prism
   704 | D        | Learned a level 4 spell: Iskenderun's Mystic Blast
  1040 | D        | Noticed Pikel
  1041 | D        | Noticed a lemure
  1041 | D        | Noticed a lemure
  1043 | D        | Noticed a lemure
  1049 | D        | Reached **** piety under Sif Muna
  1050 | D        | Reached skill level 8 in Spellcasting
  1054 | D        | Slain by Pikel

Illustrated notes

Levels and vault maps discovered:
D:        pitsprint [storerooms_1, entrance_room_1, metal_vault_3, armoury_1,
          mini_pit_1, grid_room_1, main_hall_1, silver_pit, the_coven_1,
          the_vestibule_1, steel_vault_4, golden_pit, hallway_of_sentries,
          crystal_vault_6, iron_vault_2, final_vault]

Skill      XL: |  1  2  3  4 |
---------------+-------------+-----
Spellcasting   | 7 8 |  8.1
Conjurations   | 7 |  7.7
Invocations    | 1 |  1.5
Dodging        | |  2.4
Stealth        | |  2.4

Action                   |  1- 3 |  4- 6 || total
-------------------------+-------+-------++-------
Melee: Unarmed           |     5 |       ||     5
 Cast: Magic Dart        |    11 |       ||    11
       Searing Ray       |     6 |     3 ||     9
  Use: Potion            |     4 |       ||     4
       Scroll            |     1 |       ||     1
Armor: Robe              |     8 |       ||     8
Dodge: Dodged            |    10 |     2 ||    12
